 Dungeon Crawl Stone Soup version 0.23.0-3-gf3c87f2 (webtiles) character file.

Game seed: 10224425235143587292

334 xccam the Ruffian (level 6, -7/61 HPs)
             Began as a Troll Monk on Feb 23, 2019.
             Mangled by Menkaure (18 damage)
             ... on level 4 of the Dungeon.
             The game lasted 00:02:55 (1506 turns).

xccam the Ruffian (Troll Monk)                      Turns: 1506, Time: 00:02:56

Health: -7/61      AC:  9    Str: 22      XL:     6   Next: 27%
Magic:  5/5        EV: 10    Int:  5 (6)  God:
Gold:   139        SH:  0    Dex:  9 (12) Spells: 5/5 levels left

rFire    . . .     SeeInvis .     - Unarmed
rCold    . . .     Gourm    +   (no shield)
rNeg     . . .     Faith    .   a - +0 robe
rPois    .         Spirit   .   (helmet restricted)
rElec    .         Reflect  .   (no cloak)
rCorr    .         Harm     .   (gloves unavailable)
MR       .....                  (boots unavailable)
Stlth    +.........             (no amulet)
HPRegen  0.60/turn              c - +3 ring of protection
MPRegen  0.09/turn              h - ring of flight

@: no status effects
A: large, unfitting armour, claws 3, fast metabolism 3, gourmand, regeneration
1, shaggy fur 1, tough skin 3
a: Evoke Flight


You were on level 4 of the Dungeon.
You were full.

You visited 1 branch of the dungeon, and saw 4 of its levels.

You collected 139 gold pieces.

Inventory:

Armour
 a - a +0 robe (worn)
Jewellery
 c - a +3 ring of protection (left claw)
 h - a ring of flight (right claw)
Scrolls
 d - a scroll of random uselessness {unknown}
 e - 3 scrolls of remove curse {unknown}
 f - 5 scrolls of identify {unknown}
 k - 3 scrolls of fear {unknown}
 l - a scroll of blinking {unknown}
 m - a scroll of teleportation {unknown}
 n - a scroll of magic mapping {unknown}
 p - a scroll of noise {unknown}
Potions
 g - a potion of lignification
 j - a potion of flight {unknown}
 o - a potion of might {unknown}
Comestibles
 b - 5 rations


   Skills:
 + Level 3.0 Fighting
 + Level 3.0 Dodging
 - Level 1.0 Stealth
 + Level 6.4 Unarmed Combat


You had 5 spell levels left.
You didn't know any spells.
Your spell library was empty.

Dungeon Overview and Level Annotations

Branches:
Dungeon (4/15)
 Temple: D:4-7

Altars:
Ashenzari
Dithmenos
Elyvilon
Sif Muna
Uskayaw
Vehumet
The Shining One

Annotations:
D:4 Menkaure


Innate Abilities, Weirdness & Mutations

You are too large for most types of armour.
You have claws for hands.
Your metabolism is lightning-fast.
You like to eat raw meat.
Your natural rate of healing is unusually fast.
You are covered in fur. (AC +1)
You have extremely tough skin. (AC +3)


Message History

Put on which piece of jewellery? (? for menu, Esc to quit)
h - a ring of flight (right claw) Menkaure, Prince of Dust comes into view.
Menkaure mumbles some strange words.
Menkaure seems to speed up.
Menkaure calls on the powers of darkness!
Your body is wracked with pain!
Found a scroll labeled OVILYVV JAREPN.
Menkaure calls on the powers of darkness!
Your body is wracked with pain!
* * * LOW HITPOINT WARNING * * *
Found 10 gold pieces.
You are too injured to fight recklessly!
Menkaure calls on the powers of darkness!
Your body is wracked with pain!
* * * LOW HITPOINT WARNING * * *
You claw Menkaure!
Menkaure is severely damaged.
Menkaure hits you!!
You die...

##....#### ..#
##........ ...#
##......... ...#
##.....#####
#..# ##.....##
#..####.....##
#..##.....##
##.......##
#@......##
......M......##
.............#
..........##..#
...?....#####..#
......... #...
.$....... #..
......... ..


You could see Menkaure.

Vanquished Creatures
  A scorpion (D:3)
  A howler monkey (D:3)
  A centaur skeleton (D:4)
  An orc wizard (D:3)
  Robin (D:2)
  10 adders
  A worm (D:2)
  2 leopard geckos
  8 orcs (D:3)
  3 giant cockroaches
  15 goblins
  11 hobgoblins
  8 kobolds
  A quokka (D:3)
  A ball python (D:2)
  4 bats
  3 frilled lizards
  10 rats
82 creatures vanquished.

Notes
Turn   | Place    | Note
-------+----------+-------------------------------------------
     0 | D:1      | xccam the Troll Monk began the quest for the Orb.
     0 | D:1      | Reached XP level 1. HP: 22/22 MP: 0/0
   125 | D:1      | Reached XP level 2. HP: 29/29 MP: 1/1
   408 | D:2      | Reached skill level 4 in Unarmed Combat
   408 | D:2      | Reached XP level 3. HP: 35/36 MP: 2/2
   663 | D:2      | Found a shattered altar of Ashenzari.
   663 | D:2      | Found a white marble altar of Elyvilon.
   663 | D:2      | Found a glowing golden altar of the Shining One.
   663 | D:2      | Found a shadowy altar of Dithmenos.
   665 | D:2      | Found a deep blue altar of Sif Muna.
   665 | D:2      | Found a radiant altar of Vehumet.
   666 | D:2      | Found a hide-covered altar of Uskayaw.
   672 | D:2      | Reached XP level 4. HP: 44/44 MP: 3/3
   688 | D:2      | Reached skill level 5 in Unarmed Combat
   703 | D:2      | Noticed Robin
   753 | D:2      | Killed Robin
   972 | D:3      | Reached skill level 6 in Unarmed Combat
   972 | D:3      | Reached XP level 5. HP: 48/50 MP: 4/4
   984 | D:3      | HP: 2/50 [poisoned by a scorpion]
  1150 | D:3      | Reached XP level 6. HP: 59/59 MP: 5/5
  1501 | D:4      | Noticed Menkaure
  1506 | D:4      | Mangled by Menkaure

Skill      XL: |  1  2  3  4  5  6 |
---------------+-------------------+-----
Unarmed Combat | 4 6 |  6.4
Fighting       | 3 |  3.0
Dodging        | 3 |  3.0
Stealth        | |  1.0

Action                   |  1- 3 |  4- 6 || total
-------------------------+-------+-------++-------
Melee: Unarmed           |    97 |   130 ||   227
       Punch             |     1 |     3 ||     4
  Use: Potion            |       |     4 ||     4
 Stab: Distracted        |     1 |       ||     1
  Eat: Chunk             |    10 |     6 ||    16
Armor: Robe              |    39 |    40 ||    79
       Skin              |       |     2 ||     2
Dodge: Dodged            |    59 |    66 ||   125
